 Dungeon Crawl Stone Soup version 0.32-a0-40-g2adb59ae06 (webtiles) character file.

Game seed: 12100858352395460791

141 cforsyth the Magician (level 5, -2/37 HPs)
             Began as a Djinni Enchanter on Jan 24, 2024.
             Frozen to death by an endoplasm (3 damage)
             ... on level 4 of the Dungeon.
             The game lasted 00:05:42 (2774 turns).

cforsyth the Magician (Djinni Enchanter)            Turns: 2774, Time: 00:05:43

Health: -2/37      AC:  3    Str:  7    XL:     5   Next: 48%
Gold:   141        EV: 13    Int: 18    God:
                   SH:  0    Dex: 14

rFire   + + .        a - +1 dagger
rCold   x . .        (no shield)
rNeg    . . .        b - +0 robe
rPois   ∞            (no helmet)
rElec   .            (no cloak)
rCorr   +            g - +0 pair of gloves
SInv    .            (boots unavailable)
Will    .....        (no amulet)
Stlth   ++           i - ring of resist corrosion
HPRegen 0.26/turn    (no ring)
MPRegen 0.00/turn

%: infuse magic (-3 HP)
@: flying, very slightly contaminated, invisible
A: sickness immunity, fire resistance 2, cold vulnerability 1, float, innate
caster, HP casting, extra vitality 1
a: no special abilities


You were on level 4 of the Dungeon.
You visited 1 branch of the dungeon, and saw 4 of its levels.

You collected 141 gold pieces.

Inventory:

Hand Weapons
 a - a +1 dagger (weapon)
Missiles
 l - a throwing net
Armour
 b - a +0 robe (worn)
 g - a +0 pair of gloves (worn)
Jewellery
 i - a ring of resist corrosion (left hand)
Scrolls
 d - 2 scrolls of enchant weapon {unknown}
 e - 3 scrolls of identify {unknown}
 f - a scroll of enchant armour {unknown}
 h - 3 scrolls of teleportation {unknown}
 j - a scroll of noise {unknown}
 k - a scroll of revelation {unknown}
 m - a scroll of torment {unknown}
 n - a scroll of acquirement {unknown}


   Skills:
 + Level 1.5 Fighting
 - Level 1.9 Short Blades
 - Level 3.1 Dodging
 - Level 3.0 Stealth
 + Level 3.6 Spellcasting
 + Level 3.6 Conjurations
 + Level 3.6 Hexes
 + Level 3.6 Summonings
 + Level 3.6 Necromancy
 + Level 3.6 Translocations
 + Level 3.6 Fire Magic
 + Level 3.6 Ice Magic
 + Level 3.6 Air Magic
 + Level 3.6 Earth Magic
 + Level 3.6 Alchemy


You knew the following spells:

 Your Spells              Type           Power      Damage    Failure   Level
a - Ensorcelled Hibernat  Hex/Ice        32%        N/A       5%          2
b - Confusing Touch       Hex            16%        N/A       11%         3
c - Tukima's Dance        Hex            16%        N/A       11%         3
d - Dazzling Flash        Conj/Hex       32%        N/A       11%         3
e - Sting                 Conj/Alch      64%        1d7       3%          1
f - Searing Ray           Conj           32%        2d5       5%          2
Your spell library was empty.

Dungeon Overview and Level Annotations

Branches:
Dungeon (4/15)
 Temple: D:4-7

Altars:
Ru
Zin

Shops:
D:4 (


Innate Abilities, Weirdness & Mutations

You are immune to sickness and miasma.
You are immune to poison.
Your flesh is very heat resistant. (rF++)
You are vulnerable to cold. (rC-)
You float through the air rather than walking.
You learn spells naturally, not from books.
Your magical power is your life essence.
You have superior vitality. (+4 MHP)


Message History

You are very lightly contaminated with residual magic.
Nothing appears to happen.
The quokka misses you.
The endoplasm hits you but does no damage.
Casting: Ensorcelled Hibernation (safe; 5% risk of failure)
Confirm with . or Enter, or press ? or * to list all spells.
Aiming: Ensorcelled Hibernation (safe; 5% risk of failure)
Press: ? - help, Shift-Dir - straight line, f/p - endoplasm
Aim: an endoplasm (chance to affect: 67%)
The endoplasm struggles to resist.
The quokka barely misses you. The endoplasm hits you.
Casting: Ensorcelled Hibernation (safe; 5% risk of failure)
Confirm with . or Enter, or press ? or * to list all spells.
Aiming: Ensorcelled Hibernation (safe; 5% risk of failure)
Press: ? - help, Shift-Dir - straight line, f/p - endoplasm
Aim: an endoplasm (chance to affect: 67%)
The endoplasm struggles to resist.
The quokka closely misses you. The endoplasm freezes you.
You are frozen!
You feel a terrible chill!
* * * LOW HITPOINT WARNING * * *
The quokka closely misses you.
Casting: Ensorcelled Hibernation (safe; 5% risk of failure)
Confirm with . or Enter, or press ? or * to list all spells.
Aiming: Ensorcelled Hibernation (safe; 5% risk of failure)
Press: ? - help, Shift-Dir - straight line, f/p - endoplasm
Aim: an endoplasm (chance to affect: 67%)
The endoplasm struggles to resist.
* * * LOW HITPOINT WARNING * * *
The endoplasm freezes you.
You are frozen!
You feel a terrible chill!
* * * LOW HITPOINT WARNING * * *
The quokka closely misses you.
Casting: Ensorcelled Hibernation (safe; 5% risk of failure)
Confirm with . or Enter, or press ? or * to list all spells.
You don't have enough health to cast this spell.
Okay, then.
Okay, then.
You fade into invisibility!
The endoplasm freezes you.
You feel a terrible chill!
You die...

#. .<....
#.#.....#.. .
#.#.....#.# . ..#
#.#.......#..
....##............
#.............≈...
........).>..≈.≈..
.......<....≈...≈.
..........@≈..∩..≈
.........J.r≈...≈!
.............≈.≈..
..._.....#....≈...
.#####....###.#...
.#..A#.... .# ..
.#...#...## . .
#...#...# ##


You could see an angel (unsilenced, unable to see you, mute), an endoplasm and a
quokka (unable to see you).

Vanquished Creatures
  4 adders
  3 gnolls (D:3)
  2 adder skeletons (D:2)
  4 ribbon worms (D:2)
  A dart slug (D:1)
  2 bat skeletons (D:2)
  A bat zombie (D:2)
  11 endoplasms
  2 giant cockroaches
  5 goblins
  4 hobgoblins
  4 jackals (D:2)
  A kobold (D:4)
  4 quokkas
  3 ball pythons
  2 bats
  A frilled lizard (D:1)
  A rat (D:3)
55 creatures vanquished.

Notes
Turn   | Place    | Note
-------+----------+-------------------------------------------
     0 | D:1      | cforsyth the Djinni Enchanter began the quest for the Orb.
     0 | D:1      | cforsyth set off with the following spells memorised:
                  | Ensorcelled Hibernation, Confusing Touch, Tukima's Dance,
                  | Dazzling Flash.
     0 | D:1      | Reached XP level 1. HP: 15/15 MP: 0/0
    39 | D:1      | Reached skill level 1 in Short Blades
    68 | D:1      | Reached XP level 2. HP: 21/21 MP: 0/0
   335 | D:1      | You are sucked into a shaft and drop 1 floor!
   493 | D:2      | Reached XP level 3. HP: 23/25 MP: 0/0
   493 | D:2      | Learned a level 1 spell: Sting
  1062 | D:2      | Reached XP level 4. HP: 26/31 MP: 0/0
  2421 | D:3      | Reached XP level 5. HP: 35/36 MP: 0/0
  2421 | D:3      | Learned a level 2 spell: Searing Ray
  2430 | D:3      | Reached skill level 1 in Fighting
  2611 | D:3      | Found a sacrificial altar of Ru.
  2759 | D:4      | Noticed an angel
  2759 | D:4      | Found Wojimud's Weapon Boutique.
  2759 | D:4      | Found a glowing silver altar of Zin.
  2773 | D:4      | HP: 1/37 [frozen (7)]
  2774 | D:4      | Frozen to death by an endoplasm

Illustrated notes

Levels and vault maps discovered:
D:1:      lemuel_arrival_funnel, layout_basic
D:2:      layout_basic, serial_undead, serial_undead_d, serial_undead_c,
          serial_undead_e, serial_undead_c, serial_undead_d, serial_undead_b,
          serial_undead_a
D:3:      layout_basic, lemuel_coloured_pillars_altar
D:4:      layout_cave_pools, mainiacjoe_overflow_small_starburst,
          grunt_temple_overflow_order_and_chaos_1, nicolae_ossuary_entry_giza,
          serial_shops, nicolae_diamond_shop, grunt_decor_fettered, uniq_ijyb

Skill      XL: |  1  2  3  4  5 |
---------------+----------------+-----
Short Blades   | 1 |  1.9
Spellcasting   | 3 |  3.6
Conjurations   | 3 |  3.6
Hexes          | 3 |  3.6
Summonings     | 3 |  3.6
Necromancy     | 3 |  3.6
Translocations | 3 |  3.6
Fire Magic     | 3 |  3.6
Ice Magic      | 3 |  3.6
Air Magic      | 3 |  3.6
Earth Magic    | 3 |  3.6
Alchemy        | 3 |  3.6
Dodging        | 3 |  3.1
Stealth        | 3 |  3.0
Fighting       | 1 |  1.5

Action                     |  1- 3 |  4- 6 || total
---------------------------+-------+-------++-------
  Melee: Dagger            |    70 |    22 ||    92
         Punch             |     1 |       ||     1
   Cast: Ensorcelled Hiber |     7 |    10 ||    17
         Sting             |    31 |    53 ||    84
    Use: Potion            |       |     3 ||     3
   Stab: Sleeping          |     9 |     4 ||    13
 Armour: Robe              |    40 |    33 ||    73
  Dodge: Dodged            |    48 |    43 ||    91

Table legend: (Time is in decaauts)
 A = Elapsed time spent in this place.
 B = Non-inter-level travel time spent in this place.
 C = Inter-level travel time spent in this place.
 D = Time resting spent in this place.
 E = Time spent auto-exploring this place.
 F = Levels seen in this place.
 G = Mean time per level.
                   A        B        C        D        E       F      G
               +--------+--------+--------+--------+--------+-----+--------+
         Total |   2766 |   2680 |     86 |     73 |   2003 |   4 |  691.5 |
       Dungeon |   2766 |   2680 |     86 |     73 |   2003 |   4 |  691.5 |
               +--------+--------+--------+--------+--------+-----+--------+

Top non-repeatable levels by time:
     D:2: 1191 daAuts
     D:3: 838 daAuts
     D:1: 722 daAuts
     D:4: 14 daAuts
